 Dungeon Crawl Stone Soup version 0.30-a0-578-gdee14c521f (webtiles) character file.

Game seed: 7905469780130675971

3033 Shayle the Chiller (level 9, 0/67 (68) HPs)
             Began as a Demonspawn Ice Elementalist on Dec 31, 2022.
             Was an Initiate of Ashenzari.
             Slain by Psyche
             ... wielding a +3 dagger of chaos
              (8 damage)
             ... on level 8 of the Dungeon.
             The game lasted 00:26:22 (9967 turns).

Shayle the Chiller (Demonspawn Ice Elementalist)    Turns: 9967, Time: 00:26:22

HP:   0/67 (68)     AC:  9    Str:  9    XL:     9   Next: 56%
MP:   15/16         EV: 12    Int: 20    God:    Ashenzari [......]
Gold: 206           SH:  0    Dex: 14    Spells: 14/18 levels left

rFire   . . .      SeeInvis .    s - +4 spear (pain)
rCold   + . .      Faith    .    (no shield)
rNeg    . . .      Spirit   .    j - +1 ring mail {rC+}
rPois   .          Reflect  .    e - +0 helmet
rElec   .          Harm     .    (no cloak)
rCorr   .          Rampage  .    (no gloves)
Will    .....                    h - +1 pair of boots
Stlth   ++                       r - amulet of the Perceptive God {RegenMP, Elem, Cun} (curse)
HPRegen 0.31/turn                (no ring)
MPRegen 0.55/turn                (no ring)

@: studying Shields, lightly drained
A: icemail 1, condensation shield, weakness stinger 1, hooves 1
a: Renounce Religion, Curse Item, Shatter the Chains


You were on level 8 of the Dungeon.
You worshipped Ashenzari.
Ashenzari was noncommittal.
You visited 2 branches of the dungeon, and saw 9 of its levels.
You also visited: Ossuary.

You collected 346 gold pieces.
You spent 140 gold pieces at shops.

Inventory:

Hand Weapons
 c - a +0 dagger
 s - a +4 spear of pain (weapon)
Armour
 a - a +0 robe
 e - a +0 helmet (worn)
 h - a +1 pair of boots (worn)
 i - the +3 scale mail of the Little Devil {rF+ Dex+4}
   (You found it on level 4 of the Dungeon)

   Dex:       It affects your dexterity (+4).
   rF:        It protects you from fire.
 j - a +1 ring mail of cold resistance (worn)
Jewellery
 r - the cursed amulet of the Perceptive God (around neck) {RegenMP, Elem, Cun}
   (You found it on level 5 of the Dungeon)

   [amulet of magic regeneration]

   It increases your rate of magic regeneration.
   It has a curse which improves the following skills: Elements: Fire Magic, Ice
   Magic, Air Magic and Earth Magic.
   Cunning:   Dodging and Stealth.
 x - a ring of fire
Wands
 k - a wand of quicksilver (15)
 p - a wand of paralysis (4)
 t - a wand of mindburst (16)
 z - a wand of iceblast (7)
Scrolls
 d - a scroll of amnesia
 f - 2 scrolls of silence
 m - 2 scrolls of teleportation
 v - a scroll of vulnerability
 w - 5 scrolls of identify
 y - 2 scrolls of enchant weapon
Potions
 b - a potion of magic
 g - a potion of lignification
 l - a potion of haste
 n - a potion of curing
 o - a potion of resistance
 q - 2 potions of cancellation
 u - a potion of berserk rage


   Skills:
 + Level 5.0 Fighting
 + Level 5.1(5.5) Dodging
 + Level 5.5(5.9) Stealth
 + Level 5.5 Shields
 + Level 5.2 Spellcasting
 + Level 2.0(2.4) Fire Magic
 + Level 5.9(6.4) Ice Magic
 + Level 2.0(2.4) Air Magic
 + Level 2.0(2.3) Earth Magic


You had 14 spell levels left.
You knew the following spells:

 Your Spells              Type           Power      Damage    Failure   Level
a - Freeze                Ice            100%       1d10      2%          1
b - Frozen Ramparts       Ice            60%        1d10      7%          3

Your spell library contained the following spells:

 Spells                   Type           Power      Damage    Failure   Level
 Ozocubu's Armour         Ice            30%        N/A       7%          3
 Kiss of Death            Conj/Necr      20%        2d7       32%         1
 Summon Ice Beast         Ice/Summ       18%        N/A       63%         4
 Confusing Touch          Hex            5%         N/A       67%         3
 Tukima's Dance           Hex            5%         N/A       67%         3
 Dispel Undead            Necr           5%         3d7       97%         4
 Passage of Golubria      Tloc           5%         N/A       97%         4
 Yara's Violent Unravell  Hex/Tmut       2%         3d3       100%        5


Dungeon Overview and Level Annotations

Branches:
Dungeon (8/15)             Temple (1/1) D:4         Ossuary (visited)
   Lair: D:8-11

Altars:
Ashenzari
Cheibriados
Dithmenos
Fedhas
Gozag
Hepliaklqana
Kikubaaqudgha
Makhleb
Nemelex Xobeh
Okawaru
Qazlal
Ru
Sif Muna
Trog
Uskayaw
Vehumet
Wu Jian
Yredelemnul

Shops:
D:4 *   D:5 **

Annotations:
D:7 3 runed translucent doors, DSscumlord's ghost, novice DsWn; bande's ghost, novice GrFi; wormed's ghost, novice SpHu
D:8 Psyche
Temple 2 transporters


Innate Abilities, Weirdness & Mutations

A meltable icy envelope protects you from harm. (AC +0)
A meltable shield of frost defends you. (SH +0)
You have a small tail.
You have large cloven feet.


Message History

You closely miss the two-headed ogre. You tail-slap the two-headed ogre.
The two-headed ogre is heavily wounded.
The wall freezes something but does no damage.
You hear some strange, mumbled words.
A swirling arc of seething chaos appears!
An arc of chaos appears from out of thin air!
The arc of chaos hits you but does no damage.
Your icy defenses dissipate!
The arc of chaos hits the two-headed ogre.
The wall freezes the two-headed ogre.
The two-headed ogre barely misses you.
The two-headed ogre completely misses you.
The wall freezes something.
You hear some strange, mumbled words.
A swirling arc of seething chaos appears!
An arc of chaos appears from out of thin air!
The arc of chaos hits you but does no damage.
Casting: Frozen Ramparts (dangerous; 7% risk of failure)
Confirm with . or Enter, or press ? or * to list all spells.
Aiming: Freeze (safe; 2% risk of failure)
Press: ? - help, Shift-Dir - straight line, f - two-headed ogre
Aim: a two-headed ogre, wielding two +0 giant clubs (heavily wounded)
You freeze the two-headed ogre!
The two-headed ogre is severely wounded.
The wall freezes the two-headed ogre.
The two-headed ogre hits you with a +0 giant club.
The two-headed ogre hits you with a +0 giant club!
* * * LOW HITPOINT WARNING * * *
The wall freezes something.
Something hits you.
* * * LOW HITPOINT WARNING * * *
You feel drained.
* * * LOW HITPOINT WARNING * * *
Casting: Freeze (safe; 2% risk of failure)
Confirm with . or Enter, or press ? or * to list all spells.
Aiming: Freeze (safe; 2% risk of failure)
Press: ? - help, Shift-Dir - straight line, f/p - two-headed ogre
Aim: a two-headed ogre, wielding two +0 giant clubs (severely wounded)
You freeze the two-headed ogre.
The two-headed ogre is almost dead.
The frozen ramparts melt away.
Something hits you!
You die...

## ###..
.###.#########..##
#.#...........###
##.............#
#..............#
##.............##
#.............##
##{...........##
##.O@........###
####..#########..#
#.#..## #..#
#.#.## ##.# ##.##
### ##.## ##.##
##.## . ##.PPP...


You could see a two-headed ogre.

Vanquished Creatures
  Prince Ribbit (D:5)
  A steam dragon (D:7)
  A water moccasin (D:8)
  An ice beast (D:5)
  2 sky beasts
  3 black bears
  An ogre (D:5)
  2 centaurs
  2 phantoms
  2 bullfrogs (D:7)
  An elf zombie (Ossuary)
  A necrophage (D:8)
  4 scorpions
  A wight (D:8)
  3 killer bees
  A howler monkey (D:4)
  2 jellies (D:7)
  3 human zombies (Ossuary)
  4 hounds
  4 orc priests
  4 orc wizards
  4 iguanas
  2 hound zombies (Ossuary)
  3 mummies (Ossuary)
  Robin (D:2)
  4 gnolls (D:5)
  8 adders
  A white imp (D:7)
  An ufetubus (D:6)
  2 adder zombies (Ossuary)
  3 dart slugs
  31 orcs
  8 endoplasms
  4 giant cockroaches
  A gnoll zombie (Ossuary)
  13 goblins
  9 hobgoblins
  7 jackals (D:3)
  2 quokkas
  7 ball pythons
  5 bats
  10 frilled lizards
  4 goblin zombies (Ossuary)
  3 hobgoblin zombies (Ossuary)
  4 jackal zombies (Ossuary)
  9 kobolds
  3 kobold zombies (Ossuary)
  3 orc zombies (Ossuary)
  6 quokka zombies (Ossuary)
  6 rats
  4 rat zombies (Ossuary)
212 creatures vanquished.

Notes
Turn   | Place    | Note
-------+----------+-------------------------------------------
     0 | D:1      | Shayle the Demonspawn Ice Elementalist began the quest for
                  | the Orb.
     0 | D:1      | Reached XP level 1. HP: 13/13 MP: 3/3
   209 | D:1      | Gained mutation: A meltable shield of frost defends you.
                  | (SH +0) [demonic ancestry]
   209 | D:1      | Reached XP level 2. HP: 18/20 MP: 1/5
   632 | D:1      | Gained mutation: A meltable icy envelope protects you from
                  | harm. (AC +0) [demonic ancestry]
   632 | D:1      | Reached XP level 3. HP: 23/25 MP: 6/6
   648 | D:1      | Reached skill level 1 in Fighting
   820 | D:1      | You fall into a shaft and drop 1 floor!
  1975 | D:2      | Noticed Robin
  1999 | D:3      | Found a faded altar of an unknown god.
  2020 | D:3      | Reached XP level 4. HP: 21/32 MP: 3/7
  2035 | D:3      | Gained mutation: You have large cloven feet. [potion of
                  | mutation]
  2375 | D:3      | Found an opulent altar of Gozag.
  2375 | D:3      | Found a faded altar of an unknown god.
  2382 | D:3      | Found a basalt altar of Yredelemnul.
  2384 | D:3      | Found a hazy altar of Hepliaklqana.
  2385 | D:3      | Found a stormy altar of Qazlal.
  2789 | D:2      | Killed Robin
  3141 | D:3      | Reached XP level 5. HP: 38/38 MP: 4/9
  3294 | D:4      | Noticed a black bear
  3330 | D:4      | Found a sand-covered staircase.
  3336 | Ossuary  | Entered an ossuary
  3656 | Ossuary  | Learned a level 3 spell: Frozen Ramparts
  3723 | Ossuary  | Reached XP level 6. HP: 45/45 MP: 10/10
  3843 | Ossuary  | Reached skill level 1 in Shields
  4492 | D:4      | Found a staircase to the Ecumenical Temple.
  4506 | Temple   | Entered the Ecumenical Temple
  4506 | Temple   | Found a transporter.
  4506 | Temple   | Found a transporter.
  4508 | Temple   | Found a transporter.
  4508 | Temple   | Found a transporter.
  4522 | Temple   | Became a worshipper of Ashenzari the Shackled
  4758 | D:4      | Identified the +3 scale mail of the Little Devil {rF+
                  | Dex+4}
  4865 | D:4      | Reached XP level 7. HP: 12/51 MP: 9/12
  5309 | D:4      | Found an ancient bone altar of Kikubaaqudgha.
  5319 | D:4      | Found an iron altar of Okawaru.
  5423 | D:5      | Entered Level 5 of the Dungeon
  5481 | D:5      | Found Waomn's General Store.
  5634 | D:5      | Found Mueluq's General Store.
  5642 | D:5      | Bought a wand of mindburst (10) for 140 gold pieces
  6041 | D:5      | Noticed Prince Ribbit
  6051 | D:5      | Killed Prince Ribbit
  6052 | D:5      | Reached skill level 5 in Ice Magic
  6052 | D:5      | Gained mutation: You have a small tail. [demonic ancestry]
  6052 | D:5      | Reached XP level 8. HP: 43/60 MP: 7/14
  6171 | D:5      | Found a bloodstained altar of Trog.
  7428 | D:6      | Reached skill level 5 in Stealth
  7495 | D:6      | Reached skill level 1 in Fire Magic
  7495 | D:6      | Reached skill level 1 in Air Magic
  7495 | D:6      | Reached skill level 1 in Earth Magic
  7577 | D:6      | Reached XP level 9. HP: 58/66 MP: 16/16
  8091 | D:7      | Reached skill level 5 in Shields
  8171 | D:7      | Reached skill level 5 in Spellcasting
  8247 | D:7      | Found a runed translucent gate.
  8247 | D:7      | Found a runed translucent gate.
  8250 | D:7      | Found a runed translucent gate.
  8250 | D:7      | Noticed bande's ghost (novice GrFi)
  8250 | D:7      | Noticed DSscumlord's ghost (novice DsWn)
  8250 | D:7      | Noticed wormed's ghost (novice SpHu)
  9624 | D:8      | Reached skill level 5 in Dodging
  9699 | D:8      | Reached skill level 5 in Fighting
  9944 | D:8      | Found a blossoming altar of Fedhas.
  9947 | D:8      | Noticed a two-headed ogre
  9952 | D:8      | Noticed Psyche
  9967 | D:8      | Slain by Psyche

Illustrated notes

Levels and vault maps discovered:
D:1:      minmay_arrival_split_and_join, layout_basic, minmay_lizard_pond
D:2:      layout_loops_ring, uniq_robin
D:3:      layout_loops_ring, chequers_temple_overflow_minitemple,
          basic_ecumenical_altar
D:4:      layout_layer_cave, minitemple, minmay_temple_entry_trees,
          nicolae_ossuary_entry_plus, minmay_misc_feat_square,
          minmay_manual_monstrance, uniq_pikel
D:5:      layout_basic, mainiacjoe_overflow_catwalk, serial_shops,
          nicolae_shop_hallway_stairs, nicolae_shop_statue_plus,
          uniq_prince_ribbit1
D:6:      layout_loops_cross, mainiacjoe_overflow_paths, minmay_misc_feat_doors
D:7:      layout_basic, gammafunk_ghost_cemetery, serial_park_tiny_pond
D:8:      kennysheep_windowed_halls, layout_cave_pods,
          fedhas_bush_and_centaur_altar, uniq_psyche, uniq_erica
Temple:   hellmonk_temple_divided_pantheon

Skill      XL: |  1  2  3  4  5  6  7  8  9 |
---------------+----------------------------+-----
Stealth        | 2 3 4 5 |  5.5
Dodging        | 2 3 4 5 |  5.1
Fighting       | 1 2 3 4 5 |  5.0
Ice Magic      | 4 5 |  5.9
Spellcasting   | 3 4 5 |  5.2
Shields        | 2 3 4 5 |  5.5
Fire Magic     | 1 2 |  2.0
Air Magic      | 1 2 |  2.0
Earth Magic    | 1 2 |  2.0

Action                   |  1- 3 |  4- 6 |  7- 9 || total
-------------------------+-------+-------+-------++-------
Melee: Unarmed           |     9 |       |       ||     9
       Dagger            |    66 |   587 |    32 ||   685
       Punch             |     1 |    14 |     8 ||    23
       Spear             |       |       |   263 ||   263
       Tailslap          |       |       |    34 ||    34
 Cast: Freeze            |    54 |    48 |    28 ||   130
       Frozen Ramparts   |       |       |    37 ||    37
Invok: Curse Item        |       |       |     1 ||     1
Evoke: Wand              |       |       |     2 ||     2
  Use: Potion            |       |     6 |     6 ||    12
       Scroll            |       |    12 |     7 ||    19
 Stab: Sleeping          |     7 |     7 |     2 ||    16
       Distracted        |       |       |     1 ||     1
Armor: Robe              |    20 |    52 |       ||    72
       Ring mail         |       |   199 |   158 ||   357
       Skin              |       |     7 |    27 ||    34
Dodge: Dodged            |    54 |   242 |   169 ||   465
Block: Other             |     7 |    74 |    50 ||   131

Table legend: (Time is in decaauts)
 A = Elapsed time spent in this place.
 B = Non-inter-level travel time spent in this place.
 C = Inter-level travel time spent in this place.
 D = Time resting spent in this place.
 E = Time spent auto-exploring this place.
 F = Levels seen in this place.
 G = Mean time per level.
                   A        B        C        D        E       F      G
               +--------+--------+--------+--------+--------+-----+--------+
         Total |   9990 |   9813 |    177 |   1160 |   5944 |  10 |  999.0 |
       Dungeon |   8855 |   8678 |    177 |    821 |   5868 |   8 | 1106.9 |
        Temple |     29 |     29 |      0 |      0 |      0 |   1 |   29.0 |
       Ossuary |   1105 |   1105 |      0 |    339 |     76 |   1 | 1105.0 |
               +--------+--------+--------+--------+--------+-----+--------+

Top non-repeatable levels by time:
     D:7: 1634 daAuts
     D:4: 1441 daAuts
     D:1: 1405 daAuts
     D:5: 1187 daAuts
 Ossuary: 1105 daAuts
     D:3: 1022 daAuts
     D:6: 937 daAuts
     D:2: 780 daAuts
     D:8: 445 daAuts
  Temple: 29 daAuts
